 Dungeon Crawl Stone Soup version 0.28-a0-983-g1de4e0787c (webtiles) character file.

Game seed: 13419748807464189154

71 siradein the Skirmisher (level 4, -5/35 HPs)
             Began as a Demonspawn Fighter on Dec 3, 2021.
             Slain by an ogre (16 damage)
             ... on level 3 of the Dungeon.
             The game lasted 00:05:55 (2617 turns).

siradein the Skirmisher (Demonspawn Fighter)        Turns: 2617, Time: 00:05:56

Health: -5/35      AC:  5    Str: 19    XL:     4   Next: 5%
Magic:  4/4        EV:  8    Int: 11    God:
Gold:   46         SH:  8    Dex: 12    Spells: 3/3 levels left

rFire   . . .      SeeInvis .   a - +0 long sword
rCold   . . .      Faith    .   m - +0 kite shield
rNeg    + . .      Spirit   .   o - +0 ring mail
rPois   .          Reflect  .   (no helmet)
rElec   .          Harm     .   (no cloak)
rCorr   .          Rampage  .   (no gloves)
Will    .....                   (no boots)
Stlth   +.........              (no amulet)
HPRegen 0.11/turn               n - ring of positive energy
MPRegen 0.09/turn               (no ring)

@: mighty
A: big brain 1
a: no special abilities


You were on level 3 of the Dungeon.
You visited 1 branch of the dungeon, and saw 3 of its levels.

You collected 66 gold pieces.
You spent 20 gold pieces at shops.

Inventory:

Hand Weapons
 a - a +0 long sword (weapon)
Armour
 m - a +0 kite shield (worn)
 o - a +0 ring mail (worn)
Jewellery
 n - a ring of positive energy (left hand)
Scrolls
 h - a scroll of teleportation {unknown}
 j - 2 scrolls of magic mapping
 k - a scroll of immolation {unknown}
 l - a scroll of enchant weapon {unknown}
Potions
 b - a potion of berserk rage {unknown}
 c - a potion of mutation {unknown}
 e - a potion of ambrosia {unknown}
 f - a potion of brilliance {unknown}
 g - 2 potions of curing {unknown}
 i - a potion of lignification {unknown}


   Skills:
 + Level 3.4 Fighting
 + Level 2.4 Long Blades
 + Level 3.2 Armour
 + Level 0.6 Dodging
 + Level 3.1 Shields


You had 3 spell levels left.
You didn't know any spells.
Your spell library was empty.

Dungeon Overview and Level Annotations

Branches:
Dungeon (3/15)

Altars:
Nemelex Xobeh

Shops:
D:1 (?


Innate Abilities, Weirdness & Mutations

You have an unusually large brain. (Int +2)


Message History

You slash the giant cockroach!
You kill the giant cockroach!
No target in view!
No target in view!
You see here a giant cockroach corpse.
A howler monkey zombie comes into view.
You slash the howler monkey zombie!
The howler monkey zombie is moderately damaged.
The howler monkey zombie barely misses you.
You slash the howler monkey zombie!
The howler monkey zombie is severely damaged.
The howler monkey zombie closely misses you.
The howler monkey zombie hits you but does no damage.
You hit the howler monkey zombie.
The howler monkey zombie is severely damaged.
The howler monkey zombie hits you.
You barely miss the howler monkey zombie.
The howler monkey zombie is severely damaged.
You block the howler monkey zombie's attack. x2
You slash the howler monkey zombie!
You destroy the howler monkey zombie!
You have reached level 4!
You feel stronger.
You now have 46 gold pieces (gained 2).
Found a ring mail.
Found a stone staircase leading up.
An ogre comes into view. It is wielding a +0 giant club.
The ogre shouts!
You see here a +0 ring mail.
You feel very mighty all of a sudden.
You slash the ogre!
The ogre is moderately wounded.
The ogre hits you with a +0 giant club!!
Ouch! That really hurt!
You are too injured to fight recklessly!
You are too injured to fight recklessly!
You are too injured to fight recklessly!
You slash the ogre!
The ogre is severely wounded.
The ogre hits you with a +0 giant club!
You die...

#....#.#
#....#.#
#....#.#
#....#.#
#....#.########
#.............#
#...[#.######.#
#....#.#
#.<@.#.#
#..O##.#
.......#.#
............
.####..###.#
#.. .. ... ##
##.#


You could see an ogre.

Vanquished Creatures
  A howler monkey zombie (D:3)
  An adder (D:2)
  2 dart slugs
  3 endoplasms
  3 giant cockroaches
  3 goblins
  8 hobgoblins
  2 jackals (D:1)
  2 quokkas (D:2)
  3 ball pythons
  2 bats (D:1)
  3 frilled lizards
  5 kobolds
  4 rats
42 creatures vanquished.

Notes
Turn   | Place    | Note
-------+----------+-------------------------------------------
     0 | D:1      | siradein the Demonspawn Fighter began the quest for the
                  | Orb.
     0 | D:1      | Reached XP level 1. HP: 18/18 MP: 1/1
   278 | D:1      | Found Gaimine's Magic Scroll Shop.
   299 | D:1      | Found Vaonkeik's Weapon Boutique.
   308 | D:1      | Gained mutation: You have an unusually large brain. (Int
                  | +2) [demonic ancestry]
   308 | D:1      | Reached XP level 2. HP: 24/24 MP: 2/2
   322 | D:1      | Bought a scroll of identify for 20 gold pieces
   481 | D:1      | Found a faded altar of an unknown god.
  1039 | D:2      | Reached XP level 3. HP: 19/29 MP: 3/3
  1738 | D:2      | Found a sparkling altar of Nemelex Xobeh.
  2560 | D:3      | Reached XP level 4. HP: 34/35 MP: 4/4
  2612 | D:3      | Noticed an ogre
  2617 | D:3      | Slain by an ogre

Illustrated notes

Levels and vault maps discovered:
D:1:      kennysheep_arrival_forest, layout_basic, basic_ecumenical_altar,
          serial_shops, shop, shop, dk_noncrumbling_4, hangedman_decor_opposing
D:2:      minmay_door_path, layout_basic, basic_altar
D:3:      layout_basic, serial_shops, shop, serial_undead, serial_undead_e,
          serial_undead_d, serial_undead_e, serial_undead_b, uniq_sigmund

Skill      XL: |  1  2 |
---------------+-------+-----
Long Blades    | 2 |  2.4
Armour         | 3 |  3.2
Shields        | 3 |  3.1
Fighting       | |  3.4
Dodging        | |  0.6

Action                   |  1- 3 |  4- 6 || total
-------------------------+-------+-------++-------
Melee: Long sword        |   131 |     2 ||   133
       Whip              |    23 |       ||    23
  Use: Scroll            |     1 |       ||     1
       Potion            |       |     1 ||     1
Armor: Scale mail        |    60 |       ||    60
       Ring mail         |    17 |       ||    17
Dodge: Dodged            |    64 |       ||    64
Block: Buckler           |    22 |       ||    22
       Kite shield       |    49 |       ||    49

Table legend: (Time is in decaauts)
 A = Elapsed time spent in this place.
 B = Non-inter-level travel time spent in this place.
 C = Inter-level travel time spent in this place.
 D = Time resting spent in this place.
 E = Time spent auto-exploring this place.
 F = Levels seen in this place.
 G = Mean time per level.
                   A        B        C        D        E       F      G
               +--------+--------+--------+--------+--------+-----+--------+
         Total |   2681 |   2633 |     48 |      4 |   2195 |   3 |  893.7 |
       Dungeon |   2681 |   2633 |     48 |      4 |   2195 |   3 |  893.7 |
               +--------+--------+--------+--------+--------+-----+--------+

Top non-repeatable levels by time:
     D:2: 1425 daAuts
     D:1: 977 daAuts
     D:3: 278 daAuts
